 Dungeon Crawl Stone Soup version 0.29-a0-210-g9445043ebc (webtiles) character file.

Game seed: 6050580793415405542

443 HotDog the Cudgeller (level 6, -2/61 HPs)
             Began as a Troll Fighter on Feb 24, 2022.
             Slain by a troll (11 damage)
             ... on level 5 of the Dungeon.
             The game lasted 00:06:58 (4267 turns).

HotDog the Cudgeller (Troll Fighter)                Turns: 4267, Time: 00:06:59

Health: -2/61      AC:  4    Str: 33      XL:     6   Next: 71%
Magic:  6/6        EV:  8    Int:  4      God:
Gold:   219        SH:  6    Dex:  5 (9)  Spells: 5/5 levels left

rFire   . . .      SeeInvis .   a - +0 flail
rCold   . . .      Faith    .   c - +0 kite shield
rNeg    . . .      Spirit   .   b - +0 robe
rPois   +          Reflect  .   (helmet restricted)
rElec   .          Harm     .   (no cloak)
rCorr   .          Rampage  .   (gloves unavailable)
Will    .....                   (boots unavailable)
Stlth   +.........              r - amulet of regeneration
HPRegen 1.80/turn               f - +6 ring of strength
MPRegen 0.10/turn               g - ring of poison resistance

@: mighty
A: large, unfitting armour, claws 3, regeneration 1, shaggy fur 1, tough skin 1
a: no special abilities


You were on level 5 of the Dungeon.
You visited 1 branch of the dungeon, and saw 5 of its levels.

You collected 219 gold pieces.

Inventory:

Hand Weapons
 a - a +0 flail (weapon)
 m - the +7 hand axe of Action {flame, rCorr}
   (You found it on level 2 of the Dungeon)

   It burns those it strikes, dealing additional fire damage.
   Big, fiery blades are also staple armaments of hydra-hunters.
   rCorr:     It protects you from acid and corrosion.
Armour
 b - a +0 robe (worn)
 c - a +0 kite shield (worn)
Jewellery
 f - a +6 ring of strength (left claw)
 g - a ring of poison resistance (right claw)
 o - a ring of wizardry
 q - a ring of positive energy
 r - an amulet of regeneration (around neck)
Scrolls
 j - 3 scrolls of identify
 k - a scroll of fear
 s - a scroll of fog {unknown}
Potions
 d - a potion of might
 e - a potion of brilliance
 h - a potion of cancellation
 i - 3 potions of flight
 l - a potion of degeneration {unknown}
 n - a potion of lignification {unknown}
 p - a potion of heal wounds {unknown}


   Skills:
 * Level 3.3 Fighting
 * Level 3.6 Maces & Flails
 * Level 1.5 Throwing
 * Level 3.6 Dodging
 * Level 3.3 Shields
 * Level 1.8 Invocations


You had 5 spell levels left.
You didn't know any spells.
Your spell library contained the following spells:

 Spells                   Type           Power      Damage    Failure   Level
 Foxfire                  Conj/Fire      0%         2x1d4     80%         1
 Corpse Rot               Necr/Air       0%         N/A       90%         2
 Poisonous Vapours        Pois/Air       0%         N/A       90%         2
 Conjure Flame            Conj/Fire      0%         6-21      99%         3
 Inner Flame              Hex/Fire       0%         N/A       99%         3
 Flame Wave               Conj/Fire      0%         2d4       100%        4
 Olgreb's Toxic Radiance  Pois           0%         N/A       100%        4
 Summon Mana Viper        Hex/Summ       0%         N/A       100%        5
 Yara's Violent Unravell  Hex/Tmut       0%         3d3       100%        5
 Eringya's Noxious Bog    Tmut/Pois      0%         N/A       100%        6
 Chain Lightning          Conj/Air       0%         N/A       100%        9
 Fire Storm               Conj/Fire      0%         5d1       100%        9
 Shatter                  Erth           0%         3d5*      100%        9


Dungeon Overview and Level Annotations

Branches:
Dungeon (5/15)
 Temple: D:4-7

Altars:

Annotations:
D:3 Eustachio
D:4 Dowan, Duvessa, Pikel, Robin


Innate Abilities, Weirdness & Mutations

You are too large for most types of armour.
You have claws for hands.
Your natural rate of healing is unusually fast.
You are covered in fur. (AC +1)
You have tough skin. (AC +1)


Message History

You barely miss the lemure.
The lemure is moderately wounded.
The lemure hits you! The lemure hits you.
Pikel says, "Hell isn't that bad."
There is a stone staircase leading down here.
You climb downwards.
The troll completely misses you. You block the troll's attack.
The troll completely misses you.
There is a stone staircase leading up here.
You feel very mighty all of a sudden. The lemure hits you but does no damage.
You block the troll's attack. The troll completely misses you.
The troll claws you!
You hit the troll.
The troll is lightly wounded.
You block the lemure's attack. The troll bites you.
The troll closely misses you. The troll claws you but does no damage.
The bullfrog zombie completely misses you.
The lemure hits you.
You closely miss the troll. You block the bullfrog zombie's attack.
The troll bites you but does no damage. The troll claws you!
The troll claws you but does no damage. The lemure barely misses you.
The bullfrog zombie barely misses you. The troll bites you!
The troll claws you. x2
You thump the troll!
The troll is moderately wounded.
The lemure closely misses you. The bullfrog zombie hits you.
You block the troll's attack. The troll closely misses you.
You block the troll's attack.
You sock the troll!
The troll is heavily wounded.
The bullfrog zombie hits you but does no damage.
The lemure hits you. The bullfrog zombie hits you. The troll barely misses you.
The troll claws you. The troll claws you but does no damage.
The lemure barely misses you.
You barely miss the troll.
The troll is heavily wounded.
You block the bullfrog zombie's attack. The troll bites you!
* * * LOW HITPOINT WARNING * * *
The troll misses you. The troll claws you!
You die...

#### #.##..##.......#
##..####.##..##.......####
#.........................
#.......>................. ###
#...####.##..##..........#
..######...####.##.)##..........#
............(....................
.....)...[.....5.T...............
...............Z@..............<.
#############.####..##...........
#.$###.####..##........... ≈≈≈
#.............[.........# ≈≈≈≈≈
##..........##....##....# ≈≈≈≈≈≈
###........##....##<.... ≈≈≈≈≈≈
###########.....+..... ≈≈≈≈≈≈
#......#..... ≈≈≈≈≈≈
#......#.....


You could see a troll, a lemure and a bullfrog zombie.

Vanquished Creatures
  A lemure (D:3)
  A bullfrog zombie (D:5)
  A bullfrog skeleton (D:4)
  A jelly (D:5)
  Jessica (D:3)
  An orc wizard (D:3)
  Ijyb (D:3)
  6 gnolls
  14 adders
  A white imp (D:5)
  A worm (D:2)
  A dart slug (D:2)
  6 orcs (D:3)
  8 ball pythons
  6 endoplasms
  4 giant cockroaches
  10 goblins
  8 hobgoblins
  4 jackals (D:1)
  4 kobolds
  3 quokkas
  4 bats
  2 frilled lizards (D:2)
  3 rats
92 creatures vanquished.

Vanquished Creatures (others)
  A goblin (D:4)
  9 plants (D:4)
10 creatures vanquished.

Grand Total: 102 creatures vanquished

Notes
Turn   | Place    | Note
-------+----------+-------------------------------------------
     0 | D:1      | HotDog the Troll Fighter began the quest for the Orb.
     0 | D:1      | Reached XP level 1. HP: 22/22 MP: 0/0
   266 | D:1      | Reached XP level 2. HP: 29/29 MP: 1/1
   886 | D:2      | Reached XP level 3. HP: 22/36 MP: 2/2
  1393 | D:2      | Reached skill level 1 in Invocations
  1393 | D:2      | Reached XP level 4. HP: 37/44 MP: 3/3
  1472 | D:2      | Identified the +7 hand axe of Action {flame, rCorr}
  1619 | D:3      | Noticed Ijyb
  1899 | D:3      | Killed Ijyb
  2194 | D:3      | Noticed Jessica
  2199 | D:3      | Killed Jessica
  2200 | D:3      | Reached skill level 1 in Throwing
  2200 | D:3      | Reached XP level 5. HP: 46/53 MP: 4/4
  2382 | D:3      | HP: 2/53 [something (9)]
  2515 | D:3      | Got Sif Muna's Tome of Captivating Envenoming
  2623 | D:3      | Found a faded altar of an unknown god.
  2901 | D:4      | Noticed a lemure
  2901 | D:4      | Noticed Pikel
  2901 | D:4      | Noticed a lemure
  2931 | D:4      | Noticed a lemure
  3080 | D:4      | Noticed Eustachio
  3134 | D:3      | Reached XP level 6. HP: 33/61 MP: 6/6
  3703 | D:4      | Noticed Robin
  3719 | D:4      | Noticed Duvessa
  3720 | D:4      | Noticed Dowan
  3889 | D:5      | Entered Level 5 of the Dungeon
  4108 | D:5      | Noticed a troll
  4267 | D:5      | Slain by a troll

Illustrated notes

Levels and vault maps discovered:
D:1:      mushboom_english_gardens, layout_loops_corners
D:2:      layout_loops_cross, minmay_tetromino_o4
D:3:      layout_rooms, chequers_ecumenical_altar_grove, uniq_ijyb, uniq_jessica
D:4:      kb_forest_paths, layout_basic, lemuel_tele_altar, serial_corexii_hall,
          corexii_hall_statues_l, chequers_hall_statues_y,
          guppyfry_early_lair_pool, uniq_duvessa, uniq_robin, uniq_eustachio,
          uniq_pikel
D:5:      kennysheep_big_flooded_room, layout_gridville,
          grunt_temple_overflow_growth_and_decay, nemelex_diamond_rough_becter

Skill      XL: |  1  2  3  4  5 |
---------------+----------------+-----
Maces & Flails | 2 3 |  3.6
Invocations    | 1 |  1.8
Dodging        | 3 |  3.6
Fighting       | 3 |  3.3
Throwing       | 1 |  1.5
Shields        | 3 |  3.3

Action                   |  1- 3 |  4- 6 || total
-------------------------+-------+-------++-------
Melee: Flail             |    90 |   368 ||   458
  Use: Scroll            |     4 |     5 ||     9
       Potion            |       |     4 ||     4
Armor: Robe              |    28 |   183 ||   211
Dodge: Dodged            |    47 |   237 ||   284
Block: Kite shield       |    33 |   208 ||   241

Table legend: (Time is in decaauts)
 A = Elapsed time spent in this place.
 B = Non-inter-level travel time spent in this place.
 C = Inter-level travel time spent in this place.
 D = Time resting spent in this place.
 E = Time spent auto-exploring this place.
 F = Levels seen in this place.
 G = Mean time per level.
                   A        B        C        D        E       F      G
               +--------+--------+--------+--------+--------+-----+--------+
         Total |   4459 |   4329 |    130 |   1012 |   1952 |   5 |  891.8 |
       Dungeon |   4459 |   4329 |    130 |   1012 |   1952 |   5 |  891.8 |
               +--------+--------+--------+--------+--------+-----+--------+

Top non-repeatable levels by time:
     D:3: 1738 daAuts
     D:2: 1083 daAuts
     D:1: 821 daAuts
     D:4: 521 daAuts
     D:5: 294 daAuts
